 Dungeon Crawl Stone Soup version 0.29-a0-96-g93358da72b (webtiles) character file.

Game seed: 3773209410918308837

4552 funkygono the Arsonist (level 10, -2/50 HPs)
             Began as a Gargoyle Fire Elementalist on Feb 11, 2022.
             Was an Initiate of Vehumet.
             Slain by a boulder beetle (24 damage)
             ... on level 8 of the Dungeon.
             The game lasted 00:22:01 (9492 turns).

funkygono the Arsonist (Gargoyle Fire Elementalist) Turns: 9492, Time: 00:22:02

Health: -2/50      AC: 16    Str: 13    XL:     10   Next: 40%
Magic:  0/22       EV: 15    Int: 19    God:    Vehumet [......]
Gold:   421        SH:  0    Dex: 10    Spells: 16/26 levels left

rFire   . . .      SeeInvis .   j - +1 whip (flame)
rCold   . . .      Faith    .   (no shield)
rNeg    + . .      Spirit   .   l - +2 leather armour {Will+}
rPois   ∞          Reflect  .   (no helmet)
rElec   +          Harm     +   d - scarf {harm}
rCorr   .          Rampage  .   s - +1 pair of gloves
Will    +....                   h - +1 pair of boots
Stlth   ++........              w - amulet of regeneration
HPRegen 0.96/turn               A - ring of wizardry
MPRegen 0.18/turn               z - +4 ring of evasion

@: no status effects
A: sickness immunity, AC +7, negative energy resistance 1, electricity
resistance, torment resistance 1, petrification resistance
a: Renounce Religion


You were on level 8 of the Dungeon.
You worshipped Vehumet.
Vehumet was noncommittal.
You visited 2 branches of the dungeon, and saw 9 of its levels.

You collected 421 gold pieces.

Inventory:

Hand Weapons
 i - a +0 whip
 j - a +1 whip of flaming (weapon)
Missiles
 b - 276 stones
 t - 3 throwing nets
Armour
 a - a +0 robe
 d - a scarf of harm (worn)
 e - a +0 leather armour
 h - a +1 pair of boots (worn)
 l - a +2 leather armour of willpower (worn)
 s - a +1 pair of gloves (worn)
 u - a +2 ring mail of cold resistance
 y - +0 steam dragon scales
Jewellery
 f - a ring of protection from cold
 w - an amulet of regeneration (around neck)
 z - a +4 ring of evasion (right hand)
 A - a ring of wizardry (left hand)
Wands
 m - a wand of digging (8)
Scrolls
 c - 4 scrolls of identify
 o - a scroll of teleportation
 x - a scroll of holy word
Potions
 g - 2 potions of mutation
 k - 2 potions of might
 n - a potion of berserk rage
 p - 4 potions of lignification
 r - 2 potions of brilliance
 v - a potion of curing
 B - a potion of degeneration {unknown}


   Skills:
 + Level 0.2 Fighting
 + Level 0.6 Maces & Flails
 + Level 1.8 Armour
 + Level 2.1 Dodging
 - Level 2.1 Stealth
 * Level 8.9 Spellcasting
 * Level 6.8 Conjurations
 * Level 9.8 Fire Magic


You had 16 spell levels left.
You knew the following spells:

 Your Spells              Type           Power      Damage    Failure   Level
a - Foxfire               Conj/Fire      100%       2x1d9     1%          1
b - Scorch                Fire           92%        2d9       1%          2
c - Conjure Flame         Conj/Fire      40%        6-21      1%          3
d - Flame Wave            Conj/Fire      40%        2d9       1%          4

Your spell library contained the following spells:

 Spells                   Type           Power      Damage    Failure   Level
 Inner Flame              Hex/Fire       27%        N/A       1%          3
 Apportation              Tloc           16%        N/A       4%          1
 Slow                     Hex            32%        N/A       4%          1
 Confusing Touch          Hex            8%         N/A       13%         3
 Gell's Gravitas          Tloc           8%         N/A       13%         3
 Teleport Other           Tloc           8%         N/A       13%         3
 Vampiric Draining        Necr           8%         2d6       13%         3
 Alistair's Intoxication  Tmut/Pois      5%         N/A       71%         5
 Dispersal                Tloc           4%         N/A       99%         6


Dungeon Overview and Level Annotations

Branches:
Dungeon (8/15)             Temple (1/1) D:7
   Lair: D:8-11

Altars:
Ashenzari
Cheibriados
Dithmenos
Elyvilon
Fedhas
Gozag
Hepliaklqana
Kikubaaqudgha
Makhleb
Nemelex Xobeh
Okawaru
Qazlal
Ru
Sif Muna
Trog
Uskayaw
Vehumet
Wu Jian
Xom
Yredelemnul
The Shining One

Shops:
D:1 ((

Annotations:
D:4 2 transporters, nago's ghost, weakling DsDe


Innate Abilities, Weirdness & Mutations

You are immune to sickness and miasma.
Your stone body is resilient. (AC +7)
You are immune to poison.
You resist negative energy. (rN+)
You are resistant to electric shocks. (rElec)
You are resistant to unholy torment.
You are immune to petrification.


Message History

The boulder beetle is severely wounded.
The boulder beetle's fire resistance burns away.
The boulder beetle bites you!
* * * LOW HITPOINT WARNING * * *
You feel much better. The boulder beetle bites you!
* * * LOW HITPOINT WARNING * * *
You feel much better. The boulder beetle bites you!
* * * LOW HITPOINT WARNING * * *
You feel much better.
The boulder beetle bites you but does no damage.
The boulder beetle is no longer more vulnerable to fire.
The boulder beetle curls into a ball and begins rolling!
The boulder beetle hits you!
The boulder beetle stops rolling and uncurls.
The boulder beetle leaps!
The boulder beetle curls into a ball and begins rolling!
Casting: Scorch (safe; 1% risk of failure)
Confirm with . or Enter, or press ? or * to list all spells.
You don't have enough magic to cast this spell.
Casting: Scorch (safe; 1% risk of failure)
Confirm with . or Enter, or press ? or * to list all spells.
You conjure some foxfire!
The foxfire hits the boulder beetle but does no damage.
The boulder beetle is severely wounded.
Unknown command.
Casting: Foxfire (safe; 1% risk of failure)
Confirm with . or Enter, or press ? or * to list all spells.
You conjure some foxfire!
The foxfire hits the boulder beetle but does no damage.
The boulder beetle is severely wounded.
Unknown command.
Casting: Foxfire (safe; 1% risk of failure)
Confirm with . or Enter, or press ? or * to list all spells.
You don't have enough magic to cast this spell.
The foxfire hits the boulder beetle but does no damage.
The boulder beetle is severely wounded.
The foxfire hits the boulder beetle but does no damage.
The boulder beetle is severely wounded.
The boulder beetle hits you!!
You die...

........#.##.#.##.#
...........# #.##.#
....###.#.## #.##.# # .
#.####.#....#
####......######
#.....#.### #.##○.# #####
#...B.# ..# #..#@§### #.#
#..#....# #.#####
..########.○#.##.###.....#
........>.°...##...#.###.#
##......#####.#######.#
........#### #.##....#.#
......... #.......#.#
......:?.# ####.##.#.#
#####....# #......#


You could see a boulder beetle (rolling).

Vanquished Creatures
  Maggie (D:7)
  5 yaks
  Eustachio (D:6)
  Menkaure (D:7)
  An acid dragon (D:8)
  2 water moccasins
  An ice beast (D:6)
  2 black bears (D:6)
  5 necrophages
  A sky beast (D:7)
  4 ogres
  2 phantoms
  2 centaurs (D:7)
  2 kobold brigands (D:7)
  2 bullfrogs (D:7)
  3 scorpions
  A water moccasin skeleton (D:5)
  3 killer bees (D:8)
  3 wights (D:5)
  A jelly (D:7)
  A centaur zombie (D:8)
  A bullfrog zombie (D:6)
  A gnoll shaman (D:7)
  An orc priest (D:8)
  4 hounds
  A bullfrog skeleton (D:5)
  Ijyb (D:3)
  3 iguanas
  7 orc wizards
  4 gnolls (D:7)
  4 adders
  A howler monkey skeleton (D:6)
  A white imp (D:7)
  4 ufetubi
  2 worms
  A dart slug (D:1)
  17 orcs
  3 ball pythons
  6 endoplasms
  A giant cockroach (D:1)
  12 goblins
  5 hobgoblins
  9 jackals
  9 kobolds
  9 quokkas
  11 bats
  4 frilled lizards
  7 rats
173 creatures vanquished.

Vanquished Creatures (collateral kills)
  A foxfire (D:8)
1 creature vanquished.

Vanquished Creatures (others)
  528 foxfires
528 creatures vanquished.

Grand Total: 702 creatures vanquished

Notes
Turn   | Place    | Note
-------+----------+-------------------------------------------
     0 | D:1      | funkygono the Gargoyle Fire Elementalist began the quest
                  | for the Orb.
     0 | D:1      | Reached XP level 1. HP: 10/10 MP: 3/3
   330 | D:1      | Found Much's Antique Weapon Boutique.
   385 | D:1      | Reached XP level 2. HP: 15/15 MP: 3/5
   388 | D:1      | Learned a level 2 spell: Scorch
   391 | D:1      | Found Ulliq's Antique Weapon Boutique.
  1054 | D:1      | Reached XP level 3. HP: 19/19 MP: 0/6
  1058 | D:1      | Learned a level 3 spell: Conjure Flame
  1694 | D:2      | Reached skill level 4 in Fire Magic
  1832 | D:2      | Reached XP level 4. HP: 24/24 MP: 0/7
  2800 | D:3      | Found a faded altar of an unknown god.
  2963 | D:3      | Reached XP level 5. HP: 28/28 MP: 0/9
  3053 | D:3      | Learned a level 4 spell: Flame Wave
  3426 | D:3      | Found an iron altar of Okawaru.
  3467 | D:3      | Noticed Ijyb
  3475 | D:3      | Killed Ijyb
  3853 | D:4      | Noticed a kobold brigand
  3855 | D:4      | Noticed a small abomination
  3863 | D:4      | Noticed nago's ghost (weakling DsDe)
  3977 | D:4      | Noticed a necrophage
  3981 | D:4      | Killed a necrophage
  3982 | D:4      | Reached XP level 6. HP: 32/32 MP: 5/12
  4182 | D:4      | Found a transporter.
  4188 | D:4      | Found a transporter.
  5131 | D:5      | Entered Level 5 of the Dungeon
  5156 | D:5      | Reached skill level 5 in Fire Magic
  5273 | D:5      | Reached XP level 7. HP: 36/36 MP: 4/14
  5528 | D:5      | Reached skill level 5 in Spellcasting
  5780 | D:5      | Reached skill level 6 in Fire Magic
  5822 | D:5      | Reached XP level 8. HP: 41/41 MP: 10/16
  6853 | D:6      | Reached skill level 7 in Fire Magic
  6921 | D:6      | Reached skill level 5 in Conjurations
  6921 | D:6      | Reached XP level 9. HP: 31/45 MP: 2/19
  7135 | D:6      | Noticed Eustachio
  7143 | D:6      | Reached skill level 8 in Fire Magic
  7152 | D:6      | Killed Eustachio
  7722 | D:7      | Noticed Menkaure
  7727 | D:7      | Killed Menkaure
  8093 | D:7      | Found a shimmering blue altar of Sif Muna.
  8172 | D:7      | Noticed Maggie
  8183 | D:7      | Killed Maggie
  8184 | D:7      | Reached skill level 9 in Fire Magic
  8295 | D:7      | Found a blossoming altar of Fedhas.
  8298 | D:7      | Found a shadowy altar of Dithmenos.
  8306 | D:7      | Found an ancient bone altar of Kikubaaqudgha.
  8312 | D:7      | Found a stormy altar of Qazlal.
  8317 | D:7      | Found a bloodstained altar of Trog.
  8321 | D:7      | Found an opulent altar of Gozag.
  8327 | D:7      | Reached XP level 10. HP: 50/50 MP: 15/22
  8328 | D:7      | Reached skill level 1 in Armour
  8551 | D:7      | Found a staircase to the Ecumenical Temple.
  8557 | Temple   | Entered the Ecumenical Temple
  8609 | Temple   | Became a worshipper of Vehumet
  9434 | D:8      | Noticed a boulder beetle
  9492 | D:8      | Slain by a boulder beetle

Illustrated notes

Levels and vault maps discovered:
D:1:      psy_arrival_conway, layout_basic, serial_shops, shop, shop
D:2:      minmay_inner_zag, layout_rooms
D:3:      layout_basic, mainiacjoe_overflow_tiny_flanked,
          dreamdust_ecumenical_altar_angels_and_demons,
          hangedman_feature_mirror, grunt_ministairs_13, uniq_ijyb
D:4:      layout_gridville, gammafunk_ghost_abyssal_escape
D:5:      layout_basic
D:6:      layout_cave_pools, gup_sewer_entry_bowl, small_statue_alley_b,
          st_stairs_8, minivault_26, uniq_eustachio
D:7:      layout_rooms, led_sif_pool, nicolae_overflow_hallway_of_the_gods,
          minmay_temple_entry_hall, serial_corexii_hall, corexii_hall_statues_x,
          corexii_hall_statues_x, kennysheep_generic_room_6, uniq_menkaure,
          uniq_maggie
D:8:      layout_basic
Temple:   nicolae_temple_figure_eight

Skill      XL: |  1  2  3  4  5  6  7  8  9 10 |
---------------+-------------------------------+-----
Conjurations   | 2 3 5 6 |  6.8
Fire Magic     | 4 5 6 7 9 |  9.8
Spellcasting   | 3 4 5 6 8 |  8.9
Dodging        | 2 |  2.1
Armour         | 1 |  1.8
Fighting       | |  0.2
Maces & Flails | |  0.6
Stealth        | |  2.1

Action                   |  1- 3 |  4- 6 |  7- 9 | 10-12 || total
-------------------------+-------+-------+-------+-------++-------
Melee: Unarmed           |     9 |       |       |       ||     9
       Club              |     7 |     1 |       |       ||     8
       Whip              |       |    13 |    17 |    20 ||    50
       Punch             |       |       |       |     1 ||     1
 Cast: Foxfire           |    45 |    95 |   145 |    33 ||   318
       Scorch            |    11 |    11 |    30 |    15 ||    67
       Flame Wave        |       |       |       |     7 ||     7
  Use: Scroll            |       |     9 |     4 |     2 ||    15
       Potion            |       |       |       |     3 ||     3
Armor: Robe              |    12 |    11 |    18 |       ||    41
       Leather armour    |       |       |     9 |    19 ||    28
Dodge: Dodged            |    26 |    12 |    34 |    32 ||   104

Table legend: (Time is in decaauts)
 A = Elapsed time spent in this place.
 B = Non-inter-level travel time spent in this place.
 C = Inter-level travel time spent in this place.
 D = Time resting spent in this place.
 E = Time spent auto-exploring this place.
 F = Levels seen in this place.
 G = Mean time per level.
                   A        B        C        D        E       F      G
               +--------+--------+--------+--------+--------+-----+--------+
         Total |   9514 |   9248 |    266 |   2406 |   2959 |   9 | 1057.1 |
       Dungeon |   9290 |   9036 |    254 |   2406 |   2754 |   8 | 1161.2 |
        Temple |    223 |    211 |     12 |      0 |    205 |   1 |  223.0 |
               +--------+--------+--------+--------+--------+-----+--------+

Top non-repeatable levels by time:
     D:5: 1534 daAuts
     D:1: 1503 daAuts
     D:4: 1343 daAuts
     D:2: 1169 daAuts
     D:7: 1133 daAuts
     D:3: 1121 daAuts
     D:6: 987 daAuts
     D:8: 498 daAuts
  Temple: 223 daAuts
